 Dungeon Crawl Stone Soup version 0.28-a0-655-g4eb62b627b (webtiles) character file.

Game seed: 18430843380718369161

3 cheechan the Magician (level 1, 0/11 HPs)
             Began as an Octopode Hedge Wizard on Oct 12, 2021.
             Slain by a kobold (2 damage)
             ... on level 1 of the Dungeon.
             The game lasted 00:00:11 (33 turns).

cheechan the Magician (Octopode Hedge Wizard)         Turns: 33, Time: 00:00:11

Health: 0/11       AC:  1    Str:  9    XL:     1   Next: 50%
Magic:  4/4        EV: 13    Int: 16    God:
Gold:   0          SH:  0    Dex: 11    Spells: 5/6 levels left

rFire   . . .      SeeInvis .   a - +0 dagger
rCold   . . .      Faith    .   (no shield)
rNeg    . . .      Spirit   .   b - +0 hat
rPois   .          Reflect  .   (no amulet)
rElec   .          Harm     .   (no ring)
rCorr   .          Rampage  .   (no ring)
Will    .....                   (no ring)
Stlth   +++.......              (no ring)
HPRegen 0.03/turn               (no ring)
MPRegen 0.09/turn               (no ring)
                                (no ring)
                                (no ring)

@: no status effects
A: almost no armour, amphibious, 8 rings, camouflage 1, gelatinous body 1,
(nimble swimmer 1), tentacles
a: no special abilities


You were on level 1 of the Dungeon.
You visited 1 branch of the dungeon, and saw 1 of its levels.

Inventory:

Hand Weapons
 a - a +0 dagger (weapon)
 c - a +0 hunting sling
Armour
 b - a +0 hat (worn)


   Skills:
 + Level 2.0 Dodging
 + Level 2.6 Stealth
 + Level 3.2 Spellcasting
 + Level 1.0 Conjurations
 + Level 1.0 Summonings
 + Level 1.0 Translocations


You had 5 spell levels left.
You knew the following spells:

 Your Spells              Type           Power      Damage    Failure   Level
a - Magic Dart            Conj           20%        1d4       12%         1

Your spell library contained the following spells:

 Spells                   Type           Power      Damage    Failure   Level
 Blink                    Tloc           N/A        N/A       19%         2
 Call Imp                 Summ           5%         N/A       19%         2
 Slow                     Hex            2%         N/A       28%         2
 Conjure Flame            Conj/Fire      4%         6-21      41%         3
 Mephitic Cloud           Conj/Pois/Air  3%         N/A       43%         3


Dungeon Overview and Level Annotations

Branches:
Dungeon (1/15)

Altars:


Innate Abilities, Weirdness & Mutations

You cannot wear most types of armour.
You are amphibious.
You can wear up to eight rings at the same time.
Your skin changes colour to match your surroundings (Stealth+).
Your rubbery body absorbs attacks. (AC +1, EV +1)
((You are camouflaged near water. (Stealth+)))
You have tentacles for arms and can constrict up to eight enemies at once.


Message History

You hit the frilled lizard.
You kill the frilled lizard!
You see here a frilled lizard corpse.
A giant cockroach comes into view.
A kobold comes into view. It is wielding a +0 short sword.
The kobold shouts!
You hit the giant cockroach. You grab the giant cockroach.
The giant cockroach is severely wounded.
You constrict the giant cockroach. The giant cockroach barely misses you.
You hit the giant cockroach but do no damage.
The giant cockroach is almost dead.
You constrict the giant cockroach, but do no damage.
A quokka comes into view.
The giant cockroach bites you.
You barely miss the giant cockroach.
The giant cockroach is almost dead.
You constrict the giant cockroach.
You kill the giant cockroach!
The rat barely misses you.
You hit the rat but do no damage. Your grab misses the rat.
You squeeze the rat.
The rat is moderately wounded.
The rat twitches its whiskers.
The rat bites you.
* * * LOW HITPOINT WARNING * * *
You closely miss the rat. You grab the rat.
The rat is moderately wounded.
You constrict the rat, but do no damage.
The rat misses you.
The kobold hits you with a +0 short sword.
* * * LOW HITPOINT WARNING * * *
You barely miss the rat.
The rat is moderately wounded.
You constrict the rat. The rat bites you but does no damage.
The kobold closely misses you.
You barely miss the rat.
The rat is moderately wounded.
You constrict the rat. The rat closely misses you.
The kobold hits you with a +0 short sword.
You die...

#....# ###
#######....##..+
##...#.........#
#....#.........#
#....#.........#
##....#...r.....##
#######..†..#...rK......
................@†......
###.....)..####+#.##...
#.....##..... #
#.###.##...... #.#
#..#.......
####'####.+.......
#≈≈≈≈≈≈≈#.#.......
#≈#≈<≈#≈#.#....... #
###≈# #.#


You could see a quokka, a kobold and a rat.

Vanquished Creatures
  A giant cockroach (D:1)
  A quokka (D:1)
  A frilled lizard (D:1)
3 creatures vanquished.

Notes
Turn   | Place    | Note
-------+----------+-------------------------------------------
     0 | D:1      | cheechan the Octopode Hedge Wizard began the quest for the
                  | Orb.
     0 | D:1      | Reached XP level 1. HP: 11/11 MP: 4/4
    33 | D:1      | Slain by a kobold

Illustrated notes

Levels and vault maps discovered:
D:1:      ncdulo_wetmaze, layout_basic, shapermc_ecumenical_altar_hornbeckon

Action                   || total
-------------------------++-------
Melee: Dagger            ||    11
       Constrict         ||     3
       Tentacles         ||     2
Armor: Skin              ||     1
Dodge: Dodged            ||     8

Table legend: (Time is in decaauts)
 A = Elapsed time spent in this place.
 B = Non-inter-level travel time spent in this place.
 C = Inter-level travel time spent in this place.
 D = Time resting spent in this place.
 E = Time spent auto-exploring this place.
 F = Levels seen in this place.
 G = Mean time per level.
                   A        B        C        D        E       F      G
               +--------+--------+--------+--------+--------+-----+--------+
         Total |     33 |     33 |      0 |      0 |      0 |   1 |   33.0 |
       Dungeon |     33 |     33 |      0 |      0 |      0 |   1 |   33.0 |
               +--------+--------+--------+--------+--------+-----+--------+

Top non-repeatable levels by time:
     D:1: 33 daAuts
